 Dungeon Crawl Stone Soup version 0.30-a0-465-g8901f6c8b5 (console) character file.

Game seed: 6824197658583047560

1030 jejorda2 the Slasher (level 8, -2/60 (63) HPs)
             Began as a Merfolk Berserker on Dec 17, 2022.
             Was a Believer of Trog.
             Slain by a wight
             ... wielding a +4 long sword
              (9 damage)
             ... on level 6 of the Dungeon.
             The game lasted 00:12:12 (4525 turns).

jejorda2 the Slasher (Merfolk Berserker)            Turns: 4525, Time: 00:12:14

HP:   -2/60 (63)    AC:  8    Str: 17    XL:     8   Next: 23%
MP:   8/8           EV: 13    Int:  6    God:    Trog [**....]
Gold: 231           SH:  0    Dex: 16    Spells: 7/7 levels left

rFire   . . .      SeeInvis .    a - +1 long sword (holy)
rCold   . . .      Faith    .    (no shield)
rNeg    . . .      Spirit   .    j - +0 ring mail
rPois   .          Reflect  .    b - +0 helmet
rElec   .          Harm     .    (no cloak)
rCorr   .          Rampage  .    (no gloves)
Will    ++...                    e - +0 pair of boots
Stlth   +.........               (no amulet)
HPRegen 1.30/turn                (no ring)
MPRegen 0.11/turn                (no ring)

@: strong-willed, on berserk cooldown, regenerating, slowed, lightly drained,
very slow
A: (nimble swimmer 2), mertail
a: Renounce Religion, Berserk, Trog's Hand


You were on level 6 of the Dungeon.
You worshipped Trog.
Trog was pleased with you.
You visited 1 branch of the dungeon, and saw 6 of its levels.

You collected 231 gold pieces.

Inventory:

Hand Weapons
 a - a +1 long sword of holy wrath (weapon)
 k - a +0 short sword
Missiles
 c - 6 javelins
 d - 30 stones (quivered)
 h - 6 poisoned darts
 B - 4 boomerangs
Armour
 b - a +0 helmet (worn)
 e - a +0 pair of boots (worn)
 j - a +0 ring mail (worn)
 o - a +0 kite shield
Jewellery
 w - a ring of fire
Wands
 n - a wand of mindburst (10)
 x - a wand of iceblast (13)
 y - a wand of flame (18)
Scrolls
 i - 2 scrolls of poison
 m - 2 scrolls of fear {unknown}
 u - 2 scrolls of magic mapping
Potions
 f - a potion of attraction
 g - a potion of might
 l - a potion of brilliance
 r - 3 potions of flight
 s - a potion of haste
 t - a potion of berserk rage {unknown}


   Skills:
 + Level 5.6 Fighting
 * Level 7.8 Long Blades
 + Level 3.2 Armour
 - Level 6.0 Dodging
 + Level 1.6 Shields


You had 7 spell levels left.
You didn't know any spells.
Your spell library was empty.

Dungeon Overview and Level Annotations

Branches:
Dungeon (6/15)             Temple (0/1) D:4

Altars:
Ashenzari
Cheibriados
Kikubaaqudgha
Makhleb


Innate Abilities, Weirdness & Mutations

((You are very nimble when in or above water. (Stealth+, EV+, Speed+++)))
Your lower body shifts to a powerful aquatic tail in water.


Message History

The wight is moderately damaged.
The wight hits you with a +5 falchion.
You feel drained.
You slash the wight!
The wight convulses!
You destroy the wight!
Trog accepts your kill.
Your life force feels restored.
You are no longer berserk.
You are exhausted.
You feel yourself slow down. The wight barely misses you.
The wight closely misses you.
Items here: )) [[.
You hit the wight but do no damage. The wight completely misses you.
The wight barely misses you.
The wight hits you with a +4 long sword!
The wight misses you.
You barely miss the wight. The wight barely misses you.
The wight hits you but does no damage.
You slash the wight!
The wight convulses.
The wight is heavily damaged.
The wight hits you with a +4 long sword!
You feel drained. The wight hits you but does no damage.
The wight completely misses you. The wight closely misses you.
You are too injured to fight recklessly!
You are too injured to fight recklessly!
You are too injured to fight recklessly!
You are too injured to fight recklessly!
You barely miss the wight.
The wight is heavily damaged.
The wight hits you from afar with a +2 spear of freezing.
You feel drained. The wight freezes you.
The wight hits you with a +4 long sword!
* * * LOW HITPOINT WARNING * * *
Unknown command.
Your skin crawls.
You feel strong-willed. The wight barely misses you.
The wight hits you with a +4 long sword!
* * * LOW HITPOINT WARNING * * *
The wight hits you with a +4 long sword!
You die...

#.....#####..##.###.#.#
#...............# #.)..
#.....####.#.##.###.#.#
##...## #.#.###.......
##..# #.#.# ##.#....
#..# #...# #...... #..#
##### ###....
#####..######## #....
.......>.@zz...# ###)#
.##.#..#######.# #... #
#.. #..# #). #..# #.#
#..# #. #).. #. #.##
#.# #.#


You could see 2 wights.

Vanquished Creatures
  A black bear (D:5)
  A centaur (D:6)
  2 scorpions
  3 wights (D:6)
  2 howler monkeys (D:5)
  3 hounds
  2 jellies (D:5)
  3 orc priests
  4 orc wizards
  5 adders
  A shadow imp (D:6)
  3 white imps (D:5)
  An ufetubus (D:5)
  A worm (D:3)
  2 dart slugs (D:4)
  21 orcs
  5 ball pythons
  2 bats
  6 endoplasms
  3 giant cockroaches
  4 goblins
  4 hobgoblins
  3 quokkas (D:3)
  4 frilled lizards
  5 kobolds
  6 rats
97 creatures vanquished.

Notes
Turn   | Place    | Note
-------+----------+-------------------------------------------
     0 | D:1      | jejorda2 the Merfolk Berserker began the quest for the Orb.
     0 | D:1      | Reached XP level 1. HP: 18/18 MP: 1/1
   227 | D:1      | Reached XP level 2. HP: 21/24 MP: 2/2
   670 | D:2      | Reached skill level 4 in Long Blades
  1175 | D:2      | Reached XP level 3. HP: 24/29 MP: 3/3
  1461 | D:3      | Found a faded altar of an unknown god.
  1484 | D:3      | Reached ** piety under Trog
  1485 | D:3      | Reached XP level 4. HP: 33/37 MP: 4/4
  1735 | D:3      | Found a snail-covered altar of Cheibriados.
  1736 | D:3      | Found an ancient bone altar of Kikubaaqudgha.
  2397 | D:4      | Found a staircase to the Ecumenical Temple.
  2596 | D:4      | Found a burning altar of Makhleb.
  2605 | D:4      | Reached XP level 5. HP: 42/42 MP: 5/5
  2723 | D:4      | Reached skill level 5 in Long Blades
  2979 | D:4      | loot past rock
  2985 | D:5      | Entered Level 5 of the Dungeon
  3161 | D:5      | Reached skill level 5 in Dodging
  3161 | D:5      | Reached XP level 6. HP: 48/48 MP: 6/6
  3424 | D:5      | Found a broken altar of Ashenzari.
  3450 | D:5      | Reached skill level 6 in Long Blades
  3450 | D:5      | Reached XP level 7. HP: 8/55 MP: 7/7
  3745 | D:5      | Reached skill level 5 in Fighting
  3789 | D:5      | Reached skill level 7 in Long Blades
  4449 | D:6      | Reached skill level 1 in Shields
  4449 | D:6      | Reached XP level 8. HP: 52/63 MP: 8/8
  4525 | D:6      | Slain by a wight

Illustrated notes

######### #.......#
#### #.......# #..#
####### #.......#
#..# ##...#..
#.......#
##.####.......
#.......#
#..##........
#.......#
#...#........
#......@##
##...........
#........#
##..........
########.#
###......#.#
###[####...........
#....>...#....#.#..
#..................
#...#.####.###..#..
#...#...##.# ##..[.
#######....# #.#..


Turn 2979 on D:4: loot past rock

Levels and vault maps discovered:
D:1:      minmay_arrival_split_and_join, layout_basic
D:2:      layout_loops_cross
D:3:      layout_basic, gammafunk_temple_overflow_statue,
          dreamdust_ecumenical_altar_statues
D:4:      layout_rooms, mainiacjoe_overflow_brackets, minmay_temple_entry_glass,
          lightli_corner_chamber
D:5:      layout_basic, cheibrodos_ashenzari_chains
D:6:      layout_loops_ring, chequers_temple_overflow_minitemple

Skill      XL: |  1  2  3  4  5  6  7 |
---------------+----------------------+-----
Dodging        | 3 4 5 6 |  6.0
Long Blades    | 4 5 6 7 |  7.8
Fighting       | 4 5 |  5.6
Armour         | 2 3 |  3.2
Shields        | 1 |  1.6

Action                   |  1- 3 |  4- 6 |  7- 9 || total
-------------------------+-------+-------+-------++-------
Melee: Falchion          |   100 |   170 |       ||   270
       Punch             |     2 |     1 |       ||     3
       Long sword        |       |    17 |    72 ||    89
Throw: Stone             |       |    10 |       ||    10
Invok: Berserk           |       |     3 |     3 ||     6
       Trog's Hand       |       |     2 |     2 ||     4
  Use: Scroll            |       |     6 |     3 ||     9
       Potion            |       |     7 |       ||     7
 Stab: Invisible         |       |     1 |       ||     1
Armor: Animal skin       |     8 |       |       ||     8
       Ring mail         |    31 |    56 |    29 ||   116
       Skin              |       |   125 |       ||   125
Dodge: Dodged            |    48 |   152 |    52 ||   252

Table legend: (Time is in decaauts)
 A = Elapsed time spent in this place.
 B = Non-inter-level travel time spent in this place.
 C = Inter-level travel time spent in this place.
 D = Time resting spent in this place.
 E = Time spent auto-exploring this place.
 F = Levels seen in this place.
 G = Mean time per level.
                   A        B        C        D        E       F      G
               +--------+--------+--------+--------+--------+-----+--------+
         Total |   4588 |   4472 |    116 |    391 |   3205 |   6 |  764.7 |
       Dungeon |   4588 |   4472 |    116 |    391 |   3205 |   6 |  764.7 |
               +--------+--------+--------+--------+--------+-----+--------+

Top non-repeatable levels by time:
     D:5: 1186 daAuts
     D:3: 947 daAuts
     D:2: 752 daAuts
     D:4: 699 daAuts
     D:1: 654 daAuts
     D:6: 348 daAuts
